 Dungeon Crawl Stone Soup version 0.28.0-43-g3370ac3207 (webtiles) character file.

Game seed: 8102028036102871807

2037 funkygono the Firebug (level 9, -5/48 HPs)
             Began as a Gargoyle Fire Elementalist on Mar 4, 2022.
             Shot with a sling bullet by Joseph (8 damage)
             ... on level 7 of the Dungeon.
             The game lasted 00:12:24 (8268 turns).

funkygono the Firebug (Gargoyle Fire Elementalist)  Turns: 8268, Time: 00:12:24

Health: -5/48      AC: 14    Str: 13    XL:     9   Next: 24%
Magic:  6/19       EV: 12    Int: 19    God:
Gold:   161        SH:  0    Dex: 10    Spells: 7/22 levels left

rFire   . . .      SeeInvis .   q - +1 whip (holy)
rCold   . . .      Faith    .   (no shield)
rNeg    + . .      Spirit   .   A - +0 steam dragon scales
rPois   ∞          Reflect  .   (no helmet)
rElec   +          Harm     .   m - +1 cloak
rCorr   .          Rampage  .   n - +0 pair of gloves
Will    +....                   (no boots)
Stlth   ++........              (no amulet)
HPRegen 0.16/turn               p - ring of willpower
MPRegen 0.16/turn               (no ring)

@: no status effects
A: sickness immunity, AC +6, negative energy resistance 1, electricity
resistance, torment resistance 1, petrification resistance
a: no special abilities


You were on level 7 of the Dungeon.
You visited 2 branches of the dungeon, and saw 8 of its levels.
You also visited: Sewer.

You collected 215 gold pieces.
You spent 54 gold pieces at shops.

Inventory:

Hand Weapons
 c - a +0 whip
 q - a +1 whip of holy wrath (weapon)
Missiles
 d - 205 stones
Armour
 a - a +0 robe
 l - a +0 buckler
 m - a +1 cloak (worn)
 n - a +0 pair of gloves (worn)
 r - a +0 leather armour
 A - +0 steam dragon scales (worn)
Magical Staves
 k - a staff of earth
Jewellery
 p - a ring of willpower (left hand)
Wands
 B - a wand of flame (19)
 C - a wand of paralysis (8)
Scrolls
 b - 2 scrolls of blinking
 g - 2 scrolls of fog
 w - a scroll of acquirement {unknown}
 x - 2 scrolls of teleportation
Potions
 e - a potion of attraction {unknown}
 f - a potion of haste
 h - a potion of degeneration
 i - 2 potions of brilliance
 j - 3 potions of mutation
 o - 2 potions of lignification
 s - a potion of magic
 t - a potion of experience {unknown}
 u - a potion of curing {unknown}
 v - a potion of cancellation {unknown}


   Skills:
 + Level 1.6 Fighting
 + Level 1.0 Maces & Flails
 + Level 2.3 Dodging
 - Level 2.1 Stealth
 * Level 7.0 Spellcasting
 * Level 5.9 Conjurations
 * Level 7.5 Fire Magic


You had 7 spell levels left.
You knew the following spells:

 Your Spells              Type           Power      Damage    Failure   Level
a - Foxfire               Conj/Fire      100%       2x1d9     1%          1
b - Scorch                Fire           70%        2d9       1%          2
c - Conjure Flame         Conj/Fire      32%        6-21      1%          3
d - Flame Wave            Conj/Fire      32%        2d8       6%          4
e - Fireball              Conj/Fire      16%        3d8       19%         5

Your spell library contained the following spells:

 Spells                   Type           Power      Damage    Failure   Level
 Inner Flame              Hex/Fire       20%        N/A       6%          3
 Dazzling Flash           Conj/Hex       34%        N/A       9%          3
 Summon Small Mammal      Summ           24%        N/A       10%         1
 Corpse Rot               Necr/Air       12%        N/A       16%         2
 Poisonous Vapours        Pois/Air       12%        N/A       16%         2
 Iskenderun's Battlesphe  Conj           29%        2d8       24%         5
 Call Canine Familiar     Summ           6%         N/A       30%         3
 Gell's Gravitas          Tloc           6%         N/A       30%         3
 Summon Guardian Golem    Hex/Summ       6%         N/A       30%         3
 Teleport Other           Tloc           6%         N/A       30%         3
 Agony                    Necr           6%         N/A       95%         5
 Silence                  Hex/Air        3%         N/A       95%         5
 Conjure Ball Lightning   Conj/Air       8%         3x3d6     99%         6
 Dispersal                Tloc           3%         N/A       100%        6
 Orb of Destruction       Conj           14%        9d7       100%        7


Dungeon Overview and Level Annotations

Branches:
Dungeon (7/15)             Temple (1/1) D:4           Sewer (visited)

Altars:
Ashenzari
Cheibriados
Dithmenos
Elyvilon
Fedhas
Gozag
Hepliaklqana
Kikubaaqudgha
Makhleb
Nemelex Xobeh
Okawaru
Qazlal
Ru
Sif Muna
Trog
Uskayaw
Xom
Yredelemnul
Zin
The Shining One

Shops:
D:3 ?[(!

Annotations:
D:7 Joseph, Pikel


Innate Abilities, Weirdness & Mutations

You are immune to sickness and miasma.
Your stone body is resilient. (AC +6)
You are immune to poison.
You resist negative energy. (rN+)
You are resistant to electric shocks. (rElec)
You are resistant to unholy torment.
You are immune to petrification.


Message History

The sling bullet hits you but does no damage.
Casting: Conjure Flame (safe; 1% risk of failure)
Confirm with . or Enter, or press ? or * to list all spells.
The fire begins to smoulder!
Joseph is engulfed in blazing flames.
Joseph shoots a sling bullet.
The sling bullet hits you.
The fire ignites!
Casting: Conjure Flame (safe; 1% risk of failure)
Confirm with . or Enter, or press ? or * to list all spells.
The fire begins to smoulder!
Joseph shoots a sling bullet.
The sling bullet hits you.
The fire ignites!
The sentinel's mark upon you fades away.
Casting: Conjure Flame (safe; 1% risk of failure)
Confirm with . or Enter, or press ? or * to list all spells.
You conjure some foxfire!
Joseph is engulfed in blazing flames.
Sorry, you're not good enough to have a special ability.
Unknown command.
Casting: Foxfire (safe; 1% risk of failure)
Confirm with . or Enter, or press ? or * to list all spells.
You conjure some foxfire!
The foxfire hits Joseph.
Joseph resists.
Joseph is moderately wounded.
The wyvern zombie is engulfed in blazing flames.
Unknown command.
Casting: Foxfire (safe; 1% risk of failure)
Confirm with . or Enter, or press ? or * to list all spells.
You conjure some foxfire!
Unknown command.
Your foxfire dissipates!
The foxfire hits Joseph.
Joseph resists.
Joseph is heavily wounded.
The foxfire hits Joseph.
Joseph resists.
Joseph is heavily wounded.
The foxfire hits Joseph.
Joseph resists.
Joseph is heavily wounded.
Joseph shoots a sling bullet.
The sling bullet closely misses you.
Joseph shoots a sling bullet.
The sling bullet hits you!
Joseph shoots a sling bullet.
The sling bullet hits you!!
* * * LOW HITPOINT WARNING * * *
Joseph shoots a sling bullet.
The sling bullet hits you!
You die...

#.......# # #.......###
#.......'..
#######################.......###
#.........#...........'.......'..
#.#######.#.#####....##.......##.
#.# #.#.......#.#####'######.
#.#######.#######.#.# #.# #.
#........@......@.#.# #.# ##
########Z########(#.# ###.#
#.#<.......#.# #...#
#.#.########.# #.###
#@#.....(....# #.#
#Z#.############.#
########.#.###..........#
.@.......#.....##########
##########.#####


You could see Joseph.

Vanquished Creatures
  A two-headed ogre (D:6)
  Grinder (D:4)
  A steam dragon (D:6)
  2 ice beasts
  A black bear (D:4)
  An ogre (D:6)
  2 lemures (D:7)
  2 bullfrogs (Sewer)
  A gnoll sergeant (D:6)
  A wyvern skeleton (D:5)
  A howler monkey (D:7)
  2 bullfrog zombies (D:6)
  A jelly (D:6)
  2 hounds (D:5)
  A bullfrog skeleton (D:5)
  2 orc wizards (D:6)
  7 adders
  6 gnolls
  A shadow imp (D:6)
  4 worms
  2 dart slugs
  4 orcs
  10 bats
  9 endoplasms
  10 giant cockroaches
  11 goblins
  8 hobgoblins
  6 jackals
  3 kobolds
  7 quokkas
  10 ball pythons
  9 frilled lizards
  4 rats
133 creatures vanquished.

Vanquished Creatures (others)
  451 foxfires
451 creatures vanquished.

Grand Total: 584 creatures vanquished

Notes
Turn   | Place    | Note
-------+----------+-------------------------------------------
     0 | D:1      | funkygono the Gargoyle Fire Elementalist began the quest
                  | for the Orb.
     0 | D:1      | Reached XP level 1. HP: 10/10 MP: 3/3
   226 | D:1      | Reached XP level 2. HP: 11/15 MP: 1/5
   229 | D:1      | Learned a level 2 spell: Scorch
   856 | D:1      | Reached XP level 3. HP: 19/19 MP: 3/6
   860 | D:1      | Learned a level 3 spell: Conjure Flame
   933 | D:1      | Found a faded altar of an unknown god.
  1953 | D:2      | Reached XP level 4. HP: 24/24 MP: 4/7
  2682 | D:3      | Found a glowing drain.
  2722 | Sewer    | Entered a sewer
  3012 | Sewer    | Noticed a bullfrog
  3014 | Sewer    | Noticed a bullfrog
  3016 | Sewer    | Killed a bullfrog
  3017 | Sewer    | Reached XP level 5. HP: 22/28 MP: 4/9
  3019 | Sewer    | Reached XP level 6. HP: 22/32 MP: 2/11
  3657 | D:3      | Found Rosmemuf's Armour Boutique.
  3662 | D:3      | Bought a +0 pair of gloves for 54 gold pieces
  3827 | D:3      | Found Noxtufav's Distillery.
  3832 | D:3      | Found Toyrgh's Weapon Shop.
  3963 | D:3      | Found Xuohoy's Magic Scroll Emporium.
  4144 | D:3      | Learned a level 4 spell: Flame Wave
  4228 | D:4      | Noticed an ice beast
  4242 | D:4      | Killed an ice beast
  4243 | D:4      | Reached skill level 5 in Fire Magic
  4451 | D:4      | Noticed a black bear
  4456 | D:4      | Killed a black bear
  4457 | D:4      | Reached XP level 7. HP: 37/37 MP: 6/13
  4604 | D:4      | Found a staircase to the Ecumenical Temple.
  4693 | Temple   | Entered the Ecumenical Temple
  5241 | D:4      | Noticed Grinder
  5249 | D:4      | Killed Grinder
  5608 | D:5      | Entered Level 5 of the Dungeon
  5712 | D:5      | Reached skill level 1 in Maces & Flails
  5715 | D:5      | Reached skill level 5 in Spellcasting
  5781 | D:5      | Reached skill level 1 in Fighting
  5922 | D:5      | Reached XP level 8. HP: 43/43 MP: 12/15
  5997 | D:5      | Learned a level 5 spell: Fireball
  7121 | D:6      | Noticed a two-headed ogre
  7407 | D:6      | Reached skill level 5 in Conjurations
  7560 | D:6      | Killed a two-headed ogre
  7561 | D:6      | Reached XP level 9. HP: 25/48 MP: 8/19
  7813 | D:7      | Noticed Pikel
  8200 | D:7      | Noticed Joseph
  8268 | D:7      | Shot with a sling bullet by Joseph

Illustrated notes

Levels and vault maps discovered:
D:1:      saegor_arrival_simple_d, layout_loops_ring,
          shapermc_ecumenical_altar_pompeii, minivault_11,
          minmay_misc_feat_tower
D:2:      layout_loops_corners, st_stairs_2
D:3:      layout_loops_ring, serial_shops, nicolae_shop_trees,
          nicolae_shop_bloodbath_and_beyond, shop, shop,
          cheibrodos_sewer_entry_drain, kennysheep_another_room, minivault_25
D:4:      layout_basic, minmay_temple_entry_statues_pillars, uniq_grinder
D:5:      layout_basic
D:6:      minmay_cornered_nines, layout_rooms, dk_noncrumbling_4
D:7:      layout_basic, uniq_joseph, uniq_pikel
Temple:   mainiacjoe_temple_big_plus

Skill      XL: |  1  2  3  4  5  6  7  8  9 |
---------------+----------------------------+-----
Conjurations   | 2 3 4 5 |  5.9
Fire Magic     | 4 5 6 7 |  7.5
Spellcasting   | 3 4 5 6 7 |  7.0
Dodging        | 2 |  2.3
Maces & Flails | 1 |  1.0
Fighting       | 1 |  1.6
Stealth        | |  2.1

Action                   |  1- 3 |  4- 6 |  7- 9 || total
-------------------------+-------+-------+-------++-------
Melee: Unarmed           |     9 |       |       ||     9
       Whip              |     5 |    26 |    34 ||    65
 Cast: Foxfire           |    61 |    73 |   129 ||   263
       Scorch            |     4 |     6 |    26 ||    36
       Conjure Flame     |       |       |     6 ||     6
  Use: Scroll            |       |     3 |    11 ||    14
       Potion            |       |       |     2 ||     2
Armor: Robe              |    13 |    11 |    18 ||    42
       Steam dragon scal |       |       |    15 ||    15
Dodge: Dodged            |    30 |    27 |    56 ||   113
